 Dungeon Crawl Stone Soup version 0.19.1-1-g22dce08 (webtiles) character file.

142 M4edhros the Insei (level 5, -3/31 HPs)
             Began as an Octopode Necromancer on Jan 3, 2017.
             Slain by a hound (5 damage)
             ... on level 5 of the Dungeon.
             The game lasted 00:03:56 (1184 turns).

M4edhros the Insei (Octopode Necromancer)           Turns: 1184, Time: 00:03:56

Health: -3/31      AC:  1    Str:  7    XL:     5   Next: 25%
Magic:  2/8        EV: 13    Int: 18    God:
Gold:   163        SH:  0    Dex: 13    Spells: 3 memorised, 3 levels left

rFire  + . .     SeeInvis .       - Unarmed
rCold  + . .     Gourm    .     (no shield)
rNeg   + . .     Faith    .     (helmet restricted)
rPois  +         Spirit   .     (no amulet)
rElec  +         Reflect  .     d - ring of positive energy
rCorr  +         Harm     .     (no ring)
MR     .....                    (no ring)
Stlth  +++.......               (no ring)
                                (no ring)
                                (no ring)
                                (no ring)
                                (no ring)

@: resistant, very slightly contaminated, drained
A: almost no armour, stealthy swim, amphibious, 8 rings, constrict 8, camouflage
1, gelatinous body 1
a: no special abilities


You were on level 5 of the Dungeon.
You were hungry.

You visited 1 branch of the dungeon, and saw 5 of its levels.

You collected 163 gold pieces.

Inventory:

Armour
 j - a +0 large shield
Jewellery
 d - a ring of positive energy (left tentacle)
Wands
 i - a wand of paralysis (17/24)
Scrolls
 h - a scroll of enchant weapon {unknown}
 k - 3 scrolls of remove curse
 m - 2 scrolls of identify {unknown}
 p - a scroll of random uselessness {unknown}
Potions
 c - a potion of haste
 e - a potion of lignification {unknown}
 g - a potion of degeneration {unknown}
 l - a potion of resistance
 n - a potion of brilliance {unknown}
Books
 a - a book of Necromancy

   Spells                             Type                      Level
   a - Pain                           Necromancy                   1
   b - Animate Skeleton               Necromancy                   1
   c - Vampiric Draining              Necromancy                   3
   d - Regeneration                   Charms/Necromancy            3
   e - Animate Dead                   Necromancy                   4
   f - Control Undead                 Necromancy                   4
Comestibles
 b - 2 bread rations
 f - 2 meat rations
 o - a chunk of flesh
 q - a fruit


   Skills:
 - Level 2.0(1.8) Dodging
 - Level 2.6(2.5) Stealth
 + Level 4.7(4.6) Unarmed Combat
 - Level 2.0(1.8) Spellcasting
 - Level 4.0(3.8) Necromancy


You had 3 spell levels left.
You knew the following spells:

 Your Spells              Type           Power        Failure   Level  Hunger
a - Pain                  Necr           ###.         4%          1    #......
b - Animate Skeleton      Necr           N/A          4%          1    #......
c - Regeneration          Chrm/Necr      #.........   30%         3    ###....


Dungeon Overview and Level Annotations

Branches:
Dungeon (5/15)
 Temple: D:4-7

Altars:
Gozag
Okawaru


Innate Abilities, Weirdness & Mutations

You cannot wear most types of armour.
You are very stealthy in the water. (Stealth+)
You are amphibious.
You can wear up to eight rings at the same time.
You can use your tentacles to constrict eight enemies at once.
Your skin changes colour to match your surroundings (Stealth+).
Your rubbery body absorbs attacks. (AC +1, EV +1)


Message History

Casting: Regeneration
Confirm with . or Enter, or press ? or * to list all spells.
You miscast Regeneration.
You are very lightly contaminated with residual magic.
Waves of light ripple over your body.
You are feeling hungry.
The hound bites you. The hound barely misses you.
Casting: Regeneration
Confirm with . or Enter, or press ? or * to list all spells.
You miscast Regeneration.
Pain shoots through your body!
* * * LOW HITPOINT WARNING * * *
The hound bites you.
* * * LOW HITPOINT WARNING * * *
The orc wizard gestures wildly while chanting.
You hear a shout!
It was a potion of resistance.
You feel protected. The hound barely misses you. The hound bites you.
You die...

#.. .# ##.# ###
#.###..# ...
#...(..###.# ##.
#..<...# #.#
##.#.#### o#.####.#
#......#. ........##
##>.......
#....o..###@.####.##
######ยง#.5h### .#
...##o## # ........#
##########


You could see a hound, an orc wizard and a crimson imp.

Vanquished Creatures
  A howler monkey (D:4)
  An orc wizard (D:3)
  2 adders
  2 adder skeletons
  A worm (D:2)
  2 leopard geckos
  4 orcs
  4 giant cockroaches
  5 goblins
  3 hobgoblins
  4 jackals
  2 kobolds
  6 bats
  3 frilled lizards
  A quokka zombie (D:5)
  3 rats
44 creatures vanquished.

Vanquished Creatures (collateral kills)
  An orc (D:4)
  A giant cockroach (D:4)
2 creatures vanquished.

Grand Total: 46 creatures vanquished

Notes
Turn   | Place    | Note
-------+----------+-------------------------------------------
     0 | D:1      | M4edhros the Octopode Necromancer began the quest for the Orb.
     0 | D:1      | Reached XP level 1. HP: 11/11 MP: 3/3
   196 | D:1      | Reached skill level 1 in Unarmed Combat
   303 | D:2      | Reached XP level 2. HP: 13/17 MP: 1/5
   401 | D:3      | Reached XP level 3. HP: 4/21 MP: 0/6
   404 | D:3      | Learned a level 1 spell: Animate Skeleton
   408 | D:3      | Learned a level 3 spell: Regeneration
   430 | D:2      | Found an opulent altar of Gozag.
   598 | D:3      | Found an iron altar of Okawaru.
   712 | D:3      | HP: 1/21 [orc/falchion (1)]
   714 | D:3      | Reached XP level 4. HP: 15/27 MP: 3/7
   917 | D:4      | Reached XP level 5. HP: 27/31 MP: 8/8
  1157 | D:5      | Entered Level 5 of the Dungeon
  1184 | D:5      | Slain by a hound

Skill      XL: |  1  2  3  4 |
---------------+-------------+-----
Unarmed Combat | 1 2 3 4 |  4.7
Dodging        | |  2.0
Stealth        | |  2.6
Spellcasting   | |  2.0
Necromancy     | |  4.0

Action                   |  1- 3 |  4- 6 || total
-------------------------+-------+-------++-------
Melee: Unarmed           |    48 |    68 ||   116
       Constrict         |    18 |    20 ||    38
       Tentacles         |    10 |    16 ||    26
       Punch             |       |     4 ||     4
 Cast: Pain              |    15 |       ||    15
       Regeneration      |     2 |     4 ||     6
       Animate Skeleton  |       |     3 ||     3
  Use: Potion            |     2 |     1 ||     3
       Scroll            |     1 |       ||     1
 Stab: Sleeping          |     3 |     3 ||     6
  Eat: Chunk             |       |     2 ||     2
Armor: Skin              |     5 |     9 ||    14
Dodge: Dodged            |    27 |    52 ||    79
